 Dungeon Crawl Stone Soup version 0.25-a0-860-gf695395b5c (webtiles) character file.

Game seed: 1082457673038641821, levelgen mode: deterministic

331 Esekla the Grave Robber (level 6, -5/30 HPs)
             Began as a Vine Stalker Necromancer on Apr 27, 2020.
             Slain by a scorpion (7 damage)
             ... on level 4 of the Dungeon.
             The game lasted 00:11:19 (1848 turns).

Esekla the Grave Robber (Vine Stalker Necromancer)  Turns: 1848, Time: 00:11:19

Health: -5/30      AC:  2    Str: 11    XL:     6   Next: 52%
Magic:  0/13       EV: 13    Int: 16    God:
Gold:   28         SH:  0    Dex: 15    Spells: 10/14 levels left

rFire    . . .     SeeInvis .   f - +3 dagger (holy)
rCold    . . .     Gourm    .   (no shield)
rNeg     . . .     Faith    +   a - +0 robe
rPois    .         Spirit   +   (no helmet)
rElec    .         Reflect  .   (no cloak)
rCorr    .         Harm     .   (no gloves)
MR       .....                  (no boots)
Stlth    ++........             g - amulet of faith (curse)
HPRegen  0.50/turn              (no ring)
MPRegen  0.13/turn              (no ring)

@: lethally poisoned (-5 -> -9), very slightly contaminated
A: fangs 2, regeneration 1, magic shield, antimagic bite, no potion heal 3, rot
immunity
a: no special abilities


You were on level 4 of the Dungeon.
You were not hungry.

You visited 1 branch of the dungeon, and saw 5 of its levels.

You collected 28 gold pieces.

Inventory:

Hand Weapons
 f - a +3 dagger of holy wrath (weapon)
 y - a +0 falchion
Missiles
 m - 2 boomerangs (quivered)
 o - 2 javelins
Armour
 a - a +0 robe (worn)
 e - a +0 buckler
 p - a +0 leather armour
Jewellery
 g - a cursed amulet of faith (around neck)
Wands
 l - a wand of polymorph (12)
 q - a wand of flame (18)
 r - a wand of random effects (20)
Scrolls
 d - a scroll of identify {unknown}
 i - 2 scrolls of remove curse {unknown}
 j - 3 scrolls of enchant weapon {unknown}
 k - a scroll of blinking {unknown}
 s - a scroll of teleportation {unknown}
 t - a scroll of noise {unknown}
 v - 2 scrolls of immolation {unknown}
Potions
 b - 2 potions of stabbing {unknown}
 h - a potion of ambrosia {unknown}
 n - a potion of brilliance {unknown}
 u - a potion of lignification {unknown}
 w - a potion of degeneration {unknown}
Comestibles
 c - 7 rations
 x - a chunk of flesh


   Skills:
 * Level 2.2 Fighting
 + Level 1.1(1.3) Short Blades
 * Level 0.9(1.2) Long Blades
 + Level 2.2 Dodging
 - Level 2.4 Stealth
 * Level 4.5 Spellcasting
 + Level 4.9 Necromancy


You had 10 spell levels left.
You knew the following spells:

 Your Spells              Type           Power        Failure   Level  Hunger
a - Pain                  Necr           ###.         1%          1    None
d - Vampiric Draining     Necr           ###.......   6%          3    ###....

Your spell library contained the following spells:

 Spells                   Type           Power        Failure   Level  Hunger
 Animate Skeleton         Necr           N/A          1%          1    None
 Animate Dead             Necr           N/A          21%         4    ####...
 Agony                    Necr           ###.....     50%         5    ######.


Dungeon Overview and Level Annotations

Branches:
Dungeon (5/15)
 Temple: D:4-7

Altars:
Cheibriados


Innate Abilities, Weirdness & Mutations

You have extremely sharp teeth.
Your natural rate of healing is unusually fast.
When hurt, damage is shared between your health and your magic reserves.
Your bite disrupts and absorbs the magic of your enemies.
Potions cannot restore your health.
You are immune to rotting.


Message History

Aiming: Vampiric Draining (mildly dangerous; 6% risk of failure)
Press: ? - help, Shift-Dir - straight line, f/p - scorpion
Aim: a scorpion (severely wounded)
You miscast Vampiric Draining.
You are very lightly contaminated with residual magic.
Nothing appears to happen.
You feel sick. The scorpion stings you.
You closely miss the scorpion.
The scorpion is severely wounded.
You feel sick. The scorpion stings you!
* * * LOW HITPOINT WARNING * * *
Okay, then.
You hit the scorpion but do no damage.
The scorpion is severely wounded.
* * * LOW HITPOINT WARNING * * *
You feel sick. The scorpion completely misses you.
You barely miss the scorpion. Your bite misses the scorpion.
The scorpion is severely wounded.
* * * LOW HITPOINT WARNING * * *
You feel sick. The scorpion stings you!
You die...

######## ###...... #
.......#.#
#.#...#.###o
#........... #...#
##s## #.# #@# #.# #.#
#.# ##'## #####.##
##.>.## #......#
##.....## #.#.#..##
##.......##
#.##....####.........#
...........'.........+
#.##....####.........#


You could see a scorpion.

Vanquished Creatures
  A phantom (D:4)
  A scorpion (D:4)
  A crimson imp (D:5)
  A bullfrog skeleton (D:4)
  A centaur skeleton (D:4)
  A worker ant (D:4)
  2 hound skeletons (D:4)
  6 adders
  A ball python (D:2)
  2 giant cockroaches
  A hobgoblin (D:4)
  A quokka (D:4)
  3 frilled lizards
  A kobold (D:2)
  3 rats (D:2)
26 creatures vanquished.

Notes
Turn   | Place    | Note
-------+----------+-------------------------------------------
     0 | D:1      | Esekla the Vine Stalker Necromancer began the quest for the
                  | Orb.
     0 | D:1      | Reached XP level 1. HP: 9/9 MP: 4/4
   301 | D:2      | Reached XP level 2. HP: 9/14 MP: 3/6
   585 | D:3      | Reached skill level 1 in Fighting
   585 | D:3      | Reached XP level 3. HP: 18/18 MP: 8/8
   715 | D:4      | Learned a level 3 spell: Vampiric Draining
   909 | D:5      | Entered Level 5 of the Dungeon
   952 | D:5      | Gained mutation: Your natural rate of healing is unusually
                  | fast. [Vine Stalker growth]
   952 | D:5      | Reached XP level 4. HP: 22/22 MP: 7/9
  1183 | D:4      | Reached XP level 5. HP: 18/26 MP: 7/11
  1352 | D:4      | Found a snail-covered altar of Cheibriados.
  1590 | D:4      | Noticed a phantom
  1598 | D:4      | Killed a phantom
  1598 | D:4      | Reached skill level 1 in Short Blades
  1598 | D:4      | Reached XP level 6. HP: 26/30 MP: 11/13
  1848 | D:4      | Slain by a scorpion

Levels and vault maps discovered:
D:1:      tarquinn_simple_flora_water_b, layout_loops_ring, st_stairs_3
D:2:      layout_basic, first_ration
D:3:      layout_basic
D:4:      layout_loops_corners, lemuel_doored_altar, okawaru_altar_gauntlet_db
D:5:      layout_basic, makhleb_heckhound_becter

Skill      XL: |  1  2  3  4  5 |
---------------+----------------+-----
Fighting       | 1 2 |  2.2
Spellcasting   | 3 4 |  4.5
Dodging        | 2 |  2.2
Short Blades   | 1 |  1.1
Long Blades    | |  0.9
Stealth        | |  2.4
Necromancy     | |  4.9

Action                   |  1- 3 |  4- 6 || total
-------------------------+-------+-------++-------
Melee: Dagger            |    33 |    58 ||    91
       Unarmed           |     4 |       ||     4
       Bite              |     3 |    11 ||    14
Throw: Boomerang         |       |     4 ||     4
 Cast: Pain              |     6 |       ||     6
       Vampiric Draining |     1 |     9 ||    10
 Stab: Sleeping          |     2 |     5 ||     7
  Eat: Chunk             |       |     4 ||     4
Armor: Robe              |    10 |     3 ||    13
Dodge: Dodged            |    24 |    39 ||    63

Table legend:
 A = Non-vault XP
 B = Vault XP
 C = Vault XP percentage of total XP
 D = Non-vault monster count
 E = Vault monster count
 F = Vault count percentage of total count
                 A         B        C        D         E       F
            +---------+---------+-------+---------+---------+-------
      Total |     471 |       3 |   0.6 |      24 |       2 |   7.7
            +---------+---------+-------+---------+---------+-------
        D:2 |      20 |       1 |   4.8 |       6 |       1 |  14.3
        D:3 |      13 |       0 |   0.0 |       1 |       0 |   0.0
        D:4 |     391 |       2 |   0.5 |      15 |       1 |   6.2
        D:5 |      47 |       0 |   0.0 |       2 |       0 |   0.0
            +---------+---------+-------+---------+---------+-------
